 Dungeon Crawl Stone Soup version 0.31.0-2-g5a2aebc5c2 (webtiles) character file.

Game seed: 11384259132162251891

1975 SnakkuSnakku7 the Cleaver (level 9, 0/59 (64) HPs)
             Began as a Formicid Cinder Acolyte on Jan 20, 2024.
             Was an Elder of Ignis.
             Slain by a wight
             ... wielding a +5 scimitar of freezing
              (2 damage)
             ... on level 7 of the Dungeon.
             The game lasted 00:06:50 (4776 turns).

SnakkuSnakku7 the Cleaver (Formicid Cinder Acolyte) Turns: 4776, Time: 00:06:51

HP:   0/59 (64)     AC: 11    Str: 29    XL:     9   Next: 43%
MP:   19/19         EV:  7    Int: 14    God:    Ignis [****..]
Gold: 229           SH:  0    Dex:  9    Spells: 10/10 levels left

rFire   + . .        a - +3 halberd (freeze)
rCold   . . .        (no shield)
rNeg    . . .        n - +0 plate armour
rPois   .            (helmet unavailable)
rElec   .            (no cloak)
rCorr   .            (no gloves)
SInv    +            e - +0 pair of boots
Will    .....        (no amulet) Stlth
                     d - ring of magical power
HPRegen 0.29/turn    o - +6 ring of strength
MPRegen 0.16/turn

%: no passive effects
@: drained
A: permanent stasis, dig shafts and tunnels, antennae 3, four strong arms
a: Dig, Shaft Self, Renounce Religion, Fiery Armour, Foxfire Swarm, Rising Flame


You were on level 7 of the Dungeon.
You worshipped Ignis.
Ignis was greatly pleased with you.
You visited 1 branch of the dungeon, and saw 7 of its levels.

You collected 299 gold pieces.
You spent 70 gold pieces at shops.

Inventory:

Hand Weapons
 a - a +3 halberd of freezing (weapon)
 w - a +3 whip
 x - a -1 hand axe of flaming
 y - a +0 war axe
Armour
 b - a +0 robe
 c - a +0 leather armour of cold resistance
 e - a +0 pair of boots (worn)
 f - a +0 chain mail
 n - a +0 plate armour (worn)
Jewellery
 d - a ring of magical power (left hand)
 o - a +6 ring of strength (right hand)
Wands
 u - a wand of paralysis (15)
Scrolls
 g - a scroll of immolation
 i - 2 scrolls of butterflies {unknown}
 j - a scroll of vulnerability {unknown}
 k - 2 scrolls of fog {unknown}
 m - 4 scrolls of teleportation {unknown}
 p - 3 scrolls of revelation {unknown}
 r - a scroll of acquirement {unknown}
 t - 2 scrolls of enchant weapon {unknown}
 z - 3 scrolls of poison {unknown}
 B - a scroll of identify
 C - a scroll of enchant armour {unknown}
Potions
 h - 2 potions of attraction {unknown}
 l - a potion of resistance
 q - 2 potions of curing
 s - a potion of might
 v - a potion of degeneration {unknown}
 A - a potion of berserk rage {unknown}


   Skills:
 - Level 3.2 Fighting
 - Level 11.4(11.7) Axes
 + Level 3.8(8.2) Polearms
 - Level 1.1 Spellcasting
 - Level 3.0 Fire Magic


You had 10 spell levels left.
You didn't know any spells.
Your spell library contained the following spells:

 Spells                   Type           Power      Damage    Failure   Level
 Scorch                   Fire           18%        2d5       83%         2
 Summon Small Mammal      Summ           0%         N/A       98%         1
 Call Canine Familiar     Summ           0%         N/A       100%        3
 Summon Blazeheart Golem  Fire/Summ      4%         N/A       100%        4


Dungeon Overview and Level Annotations

Branches:
Dungeon (7/15)             Temple (0/1) D:6

Altars:
Hepliaklqana
Makhleb
Uskayaw
Yredelemnul
Zin

Shops:
D:2 *


Innate Abilities, Weirdness & Mutations

You cannot be hasted, slowed, berserked, paralysed or teleported.
You can dig through walls and to a lower floor.
You have a pair of large antennae on your head. (SInv)
Your four strong arms can wield two-handed weapons with a shield.


Message History

No target in view!
No target in view!
A wight, 2 orc priests, an orc wizard and 2 orcs come into view.
The wight is wielding a +5 scimitar of freezing.
Found a runed dagger.
The orc shouts!
The orc priest shouts! x2; The orc shouts!
The orc hits you but does no damage.
The orc priest mumbles some strange prayers to Beogh against you.
Beogh smites you!
Things that are here:
a +0 short sword; a +0 ring mail; an orc corpse You reach to attack!
You slice the orc priest!! You freeze the orc priest.
You kill the orc priest!
You reach to attack!
You puncture the orc! You freeze the orc.
You kill the orc!
You reach to attack!
You hit the wight.
The wight is lightly damaged.
You barely miss the wight.
The wight is lightly damaged.
The wight hits you with a +5 scimitar of freezing.
You feel drained. The wight freezes you. The orc hits you but does no damage.
You hit the wight.
The wight is heavily damaged.
The wight hits you with a +5 scimitar of freezing!
You feel drained. The wight freezes you. The orc closely misses you.
The wight hits you with a +5 scimitar of freezing!
The wight freezes you.
* * * LOW HITPOINT WARNING * * *
The orc hits you but does no damage.
Activating: Foxfire Swarm
Press: ? - help, Dir - look around, f - activate Flames leap up around you!
The orc hits you from afar with a +0 trident.
* * * LOW HITPOINT WARNING * * *
The orc wizard closely misses you.
The orc wizard hits your foxfire with a +0 war axe.
The wight hits you with a +5 scimitar of freezing!
* * * LOW HITPOINT WARNING * * *
You feel drained.
You die...

.######.#####.# ## ..#
#.#####.###.# ..# #...........#
..# ###.>.........# ..#
#....##.####### ########## (.#
#.####...'..# #).##.'..#.
..###.## #...##v##
##oo.##..##... #......#
##...#vv# .#..##....#..#
###....#
#...##@##o..##.....##).
#.##.#####...#oz#..##.......#..
#.##...#{#...##voo##........##.
#.###### ##...#..##......#...#.
#.# #...####.....^##...## #.#
##...##......## #...# #.#
#...#......## ...# #.#
##........##{ #... #.......##{
...


You could see a wight, an orc priest, an orc wizard (ally target) and an orc.

Vanquished Creatures
  Pikel (D:6)
  2 black bears (D:5)
  2 ogres
  A centaur (D:6)
  A phantom (D:6)
  A bullfrog (D:6)
  A scorpion (D:5)
  4 wights
  A howler monkey (D:3)
  A bombardier beetle (D:3)
  3 orc priests
  2 jellies
  3 hounds
  A gnoll bouda (D:6)
  Ijyb (D:5)
  4 iguanas
  2 orc wizards
  5 gnolls (D:6)
  2 adders
  A shadow imp (D:6)
  A white imp (D:6)
  2 ribbon worms (D:3)
  12 orcs
  8 ball pythons
  4 bats
  7 endoplasms
  2 giant cockroaches
  14 goblins
  13 hobgoblins
  6 jackals (D:4)
  6 kobolds
  3 quokkas
  4 frilled lizards
  6 rats
127 creatures vanquished.

Vanquished Creatures (others)
  12 foxfires (D:4)
12 creatures vanquished.

Grand Total: 139 creatures vanquished

Notes
Turn   | Place    | Note
-------+----------+-------------------------------------------
     0 | D:1      | SnakkuSnakku7 the Formicid Cinder Acolyte began the quest
                  | for the Orb.
     0 | D:1      | Reached XP level 1. HP: 18/18 MP: 2/2
    73 | D:1      | Reached XP level 2. HP: 24/24 MP: 3/3
   279 | D:1      | Reached skill level 4 in Axes
   279 | D:1      | Reached XP level 3. HP: 16/29 MP: 4/4
   862 | D:2      | Found Asan's General Store.
   870 | D:2      | Bought 2 scrolls of identify for 56 gold pieces
  1236 | D:2      | Reached XP level 4. HP: 26/35 MP: 5/5
  1292 | D:3      | Reached skill level 5 in Axes
  1358 | D:2      | Bought a scroll of noise for 14 gold pieces
  1508 | D:3      | Reached XP level 5. HP: 41/41 MP: 6/6
  1883 | D:4      | Noticed an ogre
  1964 | D:4      | Reached skill level 6 in Axes
  1964 | D:4      | Reached XP level 6. HP: 31/47 MP: 7/7
  2023 | D:4      | Killed an ogre
  2120 | D:4      | Reached skill level 7 in Axes
  2222 | D:4      | Found a hazy altar of Hepliaklqana.
  2223 | D:4      | Found a basalt altar of Yredelemnul.
  2465 | D:4      | Reached XP level 7. HP: 46/52 MP: 8/8
  2510 | D:5      | Entered Level 5 of the Dungeon
  2524 | D:5      | Reached skill level 8 in Axes
  2550 | D:5      | Noticed Ijyb
  2579 | D:5      | Killed Ijyb
  2631 | D:5      | Found a burning altar of Makhleb.
  2631 | D:5      | Found a glowing silver altar of Zin.
  2632 | D:5      | Found a hide-covered altar of Uskayaw.
  2753 | D:5      | Reached XP level 8. HP: 37/58 MP: 9/9
  2977 | D:6      | Reached skill level 9 in Axes
  3846 | D:6      | Reached skill level 10 in Axes
  3942 | D:6      | Noticed Pikel
  4008 | D:6      | Killed Pikel
  4009 | D:6      | Reached skill level 11 in Axes
  4009 | D:6      | Reached XP level 9. HP: 31/64 MP: 10/10
  4239 | D:6      | Found a staircase to the Ecumenical Temple.
  4776 | D:7      | HP: 2/61 [wight/+5 scimitar of freezing (14)]
  4776 | D:7      | Slain by a wight

Illustrated notes

Levels and vault maps discovered:
D:1:      dpeg_arrival_tiny_k, layout_basic
D:2:      layout_loops_ring, serial_shops, shop, grunt_decor_junction,
          columned_hall_lemuel
D:3:      layout_basic
D:4:      layout_basic, chequers_temple_overflow_statue_of_worship
D:5:      layout_cave_pools, gammafunk_temple_overflow_claw, uniq_ijyb
D:6:      layout_loops_ring, minmay_temple_entry_gardened_gates,
          minmay_ogre_servants, uniq_pikel
D:7:      minmay_razor_zed, layout_loops_ring, overflow_temple_1_default,
          roderic_filled_cross, uniq_jeremiah

Skill      XL: |  1  2  3  4  5  6  7  8  9 |
---------------+----------------------------+-----
Axes           | 4 5 6 7 8 11 | 11.4
Polearms       | 3 |  3.8
Fighting       | |  3.2
Spellcasting   | |  1.1
Fire Magic     | |  3.0

Action                     |  1- 3 |  4- 6 |  7- 9 || total
---------------------------+-------+-------+-------++-------
  Melee: Hand axe          |   109 |   118 |   123 ||   350
         Punch             |       |     3 |     2 ||     5
         Whip              |       |       |    74 ||    74
         War axe           |       |       |    16 ||    16
         Halberd           |       |       |    23 ||    23
 Invoke: Foxfire Swarm     |       |     1 |     1 ||     2
         Fiery Armour      |       |     1 |       ||     1
Ability: Dig               |       |       |     1 ||     1
  Evoke: Wand              |       |       |     2 ||     2
    Use: Scroll            |       |     2 |     2 ||     4
   Stab: Paralysed         |       |       |     3 ||     3
 Armour: Leather armour    |    14 |       |       ||    14
         Robe              |     1 |       |       ||     1
         Chain mail        |    72 |    38 |       ||   110
         Plate armour      |       |    57 |   168 ||   225
  Dodge: Dodged            |    45 |    42 |    45 ||   132
